 Dungeon Crawl Stone Soup version 0.29.1-2-gbd0b4ee654 (webtiles) character file.

Game seed: 11104801462691728473

5788 xian the Schismatic (level 10, -7/76 HPs)
             Began as a Demonspawn Abyssal Knight on Nov 13, 2022.
             Was an Elder of Lugonu.
             Killed by vampiric draining
             ... invoked by a vampire
              (12 damage)
             ... on level 10 of the Dungeon.
             The game lasted 00:20:07 (6535 turns).

xian the Schismatic (Demonspawn Abyssal Knight)     Turns: 6535, Time: 00:20:08

Health: -7/76      AC: 20    Str: 18    XL:     10   Next: 50%
Magic:  17/17      EV: 14    Int: 18    God:    Lugonu [****..]
Gold:   399        SH: 15    Dex: 13    Spells: 9/9 levels left

rFire   . . .      SeeInvis .   n - +9 mace of Yredelemnul's Respect {venom, *Rage Will++ Int+6}
rCold   . . .      Faith    .   m - +1 tower shield
rNeg    . . .      Spirit   .   H - +0 acid dragon scales
rPois   .          Reflect  .   y - +0 helmet
rElec   .          Harm     .   (no cloak)
rCorr   +          Rampage  .   (no gloves)
Will    ++...      Rage     20% (no boots)
Stlth   +.........              v - amulet of the acrobat
HPRegen 0.22/turn               C - ring of wizardry
MPRegen 0.15/turn               (no ring)

@: mighty, agile, sanguine armoured, on berserk cooldown, slowed, very slow
A: foul stench 2, powered by pain 2, sanguine armour 3, weakness stinger 1
a: Renounce Religion, Depart the Abyss, Bend Space, Banish, Corrupt


You were on level 10 of the Dungeon.
You worshipped Lugonu.
Lugonu was greatly pleased with you.
You visited 1 branch of the dungeon, and saw 9 of its levels.
You visited the Abyss 1 time.

You collected 399 gold pieces.

Inventory:

Hand Weapons
 n - the +9 mace of Yredelemnul's Respect (weapon) {venom, *Rage Will++ Int+6}
   (You found it on level 2 of the Dungeon)

   It poisons the flesh of those it strikes.
   Int:       It affects your intelligence (+6).
   *Rage:     It berserks you when you make melee attacks (+20% chance).
   Will:      It greatly increases your willpower.
 G - a +4 dagger of venom
Missiles
 h - 9 poisoned darts (quivered)
Armour
 m - a +1 tower shield (worn)
 y - a +0 helmet (worn)
 H - +0 acid dragon scales (worn)
Magical Staves
 A - a staff of air
Jewellery
 v - an amulet of the acrobat (around neck)
 C - a ring of wizardry (left hand)
 I - a ring of protection from fire
Wands
 l - a wand of flame (34)
 r - a wand of polymorph (8)
Scrolls
 c - a scroll of identify
 d - 4 scrolls of enchant armour
 e - a scroll of poison {unknown}
 i - a scroll of vulnerability {unknown}
 k - a scroll of fear {unknown}
 p - 3 scrolls of butterflies {unknown}
 s - 3 scrolls of amnesia {unknown}
 t - a scroll of silence
 u - a scroll of blinking
 x - a scroll of magic mapping
 B - a scroll of summoning
Potions
 b - a potion of mutation {unknown}
 f - 2 potions of might
 g - 2 potions of lignification {unknown}
 j - 3 potions of curing {unknown}
 o - 2 potions of invisibility {unknown}
 q - 2 potions of flight
 w - a potion of ambrosia {unknown}
 z - 2 potions of resistance {unknown}
 D - a potion of heal wounds {unknown}
 E - a potion of experience {unknown}
 F - a potion of cancellation {unknown}
 J - a potion of berserk rage {unknown}
 K - a potion of attraction {unknown}


   Skills:
 + Level 6.1 Fighting
 + Level 2.3 Short Blades
 + Level 7.1 Maces & Flails
 + Level 2.8 Throwing
 + Level 5.4 Armour
 + Level 3.9 Dodging
 + Level 0.8 Stealth
 + Level 5.9 Shields
 * Level 9.4 Invocations


You had 9 spell levels left.
You didn't know any spells.
Your spell library contained the following spells:

 Spells                   Type           Power      Damage    Failure   Level
 Beastly Appendage        Tmut           0%         N/A       69%         1
 Wereblood                Tmut           0%         N/A       82%         2
 Spider Form              Tmut/Pois      0%         N/A       96%         3
 Stone Arrow              Conj/Erth      0%         3d7       96%         3
 Animate Armour           Summ/Erth      0%         N/A       100%        4
 Lehudib's Crystal Spear  Conj/Erth      0%         10d2      100%        8


Dungeon Overview and Level Annotations

Branches:
Dungeon (10/15)
 Temple: D:4-7         Lair: D:8-11         Orc: D:9-12

Altars:
Gozag
Kikubaaqudgha
Nemelex Xobeh
Uskayaw


Innate Abilities, Weirdness & Mutations

You sometimes emit foul miasma when damaged in melee.
You sometimes gain power by taking damage.
When seriously injured, your blood forms very thick armour. (AC +12)
You have a small tail.


Message History

You block something's attack.
You sock the wraith!
The wraith is almost destroyed.
You block something's attack. You block the wraith's attack.
Unknown command.
You barely miss the wraith.
The wraith is almost destroyed.
You are no longer berserk.
You are exhausted.
You feel yourself slow down. You block the wraith's attack.
Something hits you but does no damage.
You sock the wraith!
You destroy the wraith!
Lugonu accepts your kill. You block something's attack. x2
You completely miss something.
Your tail-slap misses something.
Something hits you but does no damage. x2
You sock something!
Your tail-slap misses something.
You hear some strange, mumbled words.
A magic dart appears from out of thin air!
The magic dart hits you but does no damage.
You block something's attack. Something hits you but does no damage.
The vampire mumbles some strange words.
The vampire flickers and vanishes!
You barely miss something. Lugonu accepts your kill.
Reactivating autopickup.
You feel a bit more experienced.
Unknown command.
You see here a +0 shortbow.
Something completely misses you. You block something's attack.
Deactivating autopickup; reactivate with Ctrl-A.
You sock something! You block something's attack.
Something bites you but does no damage. Something hits you but does no damage.
Something completely misses you.
You sock something! You tail-slap something.
Something draws life force from you.
* * * LOW HITPOINT WARNING * * *
Something draws life force from you!
You die...

##....#.# .. .
###..........#
#........###
#########.....##...
#......#...........
##.#.#...).)........
#..........).......c
#..#.#...)≈._.≈.....
#.....@#..)........#
#......{.########..#
##########


There were no monsters in sight!

Vanquished Creatures
  Josephine (D:10)
  Maggie (D:6)
  Psyche (D:10)
  A troll (D:10)
  4 wraiths (D:10)
  Sigmund (D:4)
  Eustachio (D:6)
  A wyvern (D:10)
  4 yaks (D:10)
  Duvessa (D:6)
  An acid dragon (D:10)
  A black bear (D:6)
  An orc warrior (D:10)
  3 centaurs (D:10)
  2 ogres (D:6)
  A phantom (D:5)
  Blork the orc (D:6)
  2 necrophages (D:4)
  5 scorpions
  A wight (D:10)
  Dowan (D:6)
  A killer bee (D:10)
  2 howler monkeys (D:10)
  A hound (D:6)
  An orc priest (D:3)
  2 iguanas
  4 orc wizards
  7 gnolls
  8 adders
  3 white imps
  3 dart slugs
  12 orcs
  4 ball pythons
  20 bats
  2 bat zombies (D:4)
  5 endoplasms
  2 giant cockroaches
  8 hobgoblins
  10 kobolds
  4 quokkas
  5 frilled lizards
  8 goblins
  6 rats
153 creatures vanquished.

Vanquished Creatures (others)
  2 fungi (D:6)
2 creatures vanquished.

Grand Total: 155 creatures vanquished

Notes
Turn   | Place    | Note
-------+----------+-------------------------------------------
     0 | Abyss:1  | xian the Demonspawn Abyssal Knight began the quest for the
                  | Orb.
     0 | Abyss:1  | Reached XP level 1. HP: 18/18 MP: 2/2
     1 | Abyss:1  | Found a corrupted altar of Lugonu.
    61 | Abyss:1  | Noticed a large abomination
    68 | Abyss:1  | Found a corrupted altar of Lugonu.
    69 | Abyss:1  | Noticed a wraith
    69 | Abyss:1  | Noticed a thrashing horror
    71 | D:1      | Escaped the Abyss
   564 | D:1      | Gained mutation: When seriously injured, your blood forms
                  | armour. (AC +12) [demonic ancestry]
   564 | D:1      | Reached XP level 2. HP: 17/24 MP: 3/3
   569 | D:1      | Reached ** piety under Lugonu
  1304 | D:1      | Reached skill level 1 in Dodging
  1746 | D:2      | Identified the +9 mace of Yredelemnul's Respect {venom,
                  | *Rage Will++ Int+6}
  1815 | D:2      | Gained mutation: You may rarely emit foul miasma when
                  | damaged in melee. [demonic ancestry]
  1815 | D:2      | Reached XP level 3. HP: 13/29 MP: 5/5
  2086 | D:2      | Found a faded altar of an unknown god.
  2654 | D:3      | Reached skill level 1 in Shields
  2654 | D:3      | Gained mutation: You have a small tail. [demonic ancestry]
  2654 | D:3      | Reached XP level 4. HP: 35/35 MP: 6/6
  2663 | D:3      | Reached skill level 1 in Maces & Flails
  2669 | D:3      | Gained mutation: You sometimes gain a little power by
                  | taking damage. [demonic ancestry]
  2669 | D:3      | Reached XP level 5. HP: 25/41 MP: 7/7
  2822 | D:3      | Reached *** piety under Lugonu
  3035 | D:3      | Found a faded altar of an unknown god.
  3286 | D:3      | Found a sparkling altar of Nemelex Xobeh.
  3478 | D:4      | Gained mutation: You sometimes emit foul miasma when
                  | damaged in melee. [demonic ancestry]
  3478 | D:4      | Reached XP level 6. HP: 48/48 MP: 8/8
  3500 | D:4      | Noticed Sigmund
  3509 | D:4      | Killed Sigmund
  3516 | D:4      | Gained mutation: When seriously injured, your blood forms
                  | thick armour. (AC +12) [demonic ancestry]
  3516 | D:4      | Reached XP level 7. HP: 49/54 MP: 9/9
  3641 | D:4      | Reached skill level 3 in Invocations
  3788 | D:4      | Found an opulent altar of Gozag.
  3918 | D:4      | Found an ancient bone altar of Kikubaaqudgha.
  4095 | D:5      | Entered Level 5 of the Dungeon
  4107 | D:5      | Reached **** piety under Lugonu
  4680 | D:6      | Reached skill level 4 in Invocations
  4684 | D:6      | Gained mutation: When seriously injured, your blood forms
                  | very thick armour. (AC +12) [demonic ancestry]
  4684 | D:6      | Reached XP level 8. HP: 61/61 MP: 9/11
  4803 | D:6      | Noticed Maggie
  4815 | D:6      | Noticed Dowan
  4823 | D:6      | Reached skill level 5 in Invocations
  4830 | D:6      | Killed Maggie
  4831 | D:6      | Reached skill level 5 in Maces & Flails
  4832 | D:6      | Noticed Duvessa
  5041 | D:6      | Killed Duvessa
  5042 | D:6      | Reached skill level 5 in Fighting
  5044 | D:6      | Killed Dowan
  5045 | D:6      | Reached skill level 6 in Invocations
  5196 | D:6      | Noticed Eustachio
  5208 | D:6      | Killed Eustachio
  5459 | D:6      | Noticed Blork the orc
  5468 | D:6      | Killed Blork the orc
  5789 | D:7      | You fall into a shaft and drop 3 floors!
  5789 | D:10     | Entered Level 10 of the Dungeon
  5814 | D:10     | Reached XP level 9. HP: 68/68 MP: 12/14
  5861 | D:10     | Noticed a troll
  5864 | D:10     | Noticed Josephine
  5868 | D:10     | Noticed Psyche
  5870 | D:10     | Reached skill level 1 in Throwing
  5875 | D:10     | Killed a troll
  5876 | D:10     | Reached skill level 7 in Invocations
  5884 | D:10     | Killed Josephine
  5885 | D:10     | Reached skill level 5 in Armour
  5916 | D:10     | Reached skill level 8 in Invocations
  6056 | D:10     | Gained mutation: You sometimes gain power by taking damage.
                  | [demonic ancestry]
  6056 | D:10     | Reached XP level 10. HP: 59/76 MP: 16/16
  6246 | D:10     | Killed Psyche
  6247 | D:10     | Reached skill level 5 in Shields
  6431 | D:10     | Noticed a two-headed ogre
  6440 | D:10     | Noticed a two-headed ogre
  6482 | D:10     | Identified the amulet of Zin's Brutal Revenge {Fragile
                  | rPois Regen+ Stlth+}
  6482 | D:10     | Noticed a deep elf archer
  6484 | D:10     | Banished a deep elf archer
  6485 | D:10     | Reached skill level 9 in Invocations
  6497 | D:10     | Found a hide-covered altar of Uskayaw.
  6521 | D:10     | HP: 5/114 [wraith (10)]
  6535 | D:10     | Killed from afar by a vampire

Illustrated notes

Levels and vault maps discovered:
D:1:      giann_horns, layout_basic
D:2:      layout_loops_cross, hellmonk_ecumenical_altar_lost_god
D:3:      minmay_skewed_foursquare, layout_rooms,
          nicolae_overflow_ecumenical_swirl, mainiacjoe_overflow_paths,
          minmay_hedge_maze
D:4:      layout_gridville, grunt_temple_overflow_gold_and_silver,
          lemuel_zombie_altar_kikubaaqudgha, uniq_sigmund
D:5:      layout_basic, mainiacjoe_overflow_six_doors_small,
          nicolae_tso_swordbearing_angel
D:6:      layout_rooms, roderic_batcave, nicolae_lava_and_water,
          eino_small_chamber_without_monster, dreamdust_gnoll_farm, uniq_maggie,
          uniq_duvessa, uniq_blork_the_orc, uniq_eustachio
D:7:      layout_cave_pools, mainiacjoe_overflow_24_doors, temple_green,
          serial_park, serial_park_tiny_1, serial_park_square2,
          serial_park_square1 [serial_park_minivault_5x5_2], serial_park_tiny_2,
          uniq_pikel
D:9:      layout_rooms, old_standard_altar, nicolae_hepliaklqana_hazy_memory,
          minmay_shop_damaged, uniq_erolcha
D:10:     minmay_the_grid_4x2 [minmay_the_grid_medium_cups,
          minmay_the_grid_slots, minmay_the_grid_outer_diamond,
          minmay_the_grid_zigzag_pyramid, minmay_the_grid_minigrid_small,
          minmay_the_grid_mess, minmay_the_grid_pillar_ring,
          minmay_the_grid_prize_diamond_cup], layout_cave_pools,
          mainiacjoe_overflow_tiny_flanked, nzn_wu_jian_contemplation,
          fedhas_altar_4, serial_glass, glass_columns_b, glass_columns_c,
          glass_columns_b, glass_columns_a, glass_columns_a, glass_columns_c,
          glass_columns_a, glass_columns_a, uniq_psyche, uniq_josephine

Skill      XL: |  1  2  3  4  5  6  7  8  9 10 |
---------------+-------------------------------+-----
Short Blades   | 2 |  2.3
Dodging        | 1 2 3 |  3.9
Armour         | 2 3 4 5 |  5.4
Shields        | 1 2 3 4 5 |  5.9
Maces & Flails | 2 3 4 5 6 7 |  7.1
Fighting       | 4 5 6 |  6.1
Invocations    | 4 6 8 9 |  9.4
Throwing       | 2 |  2.8
Stealth        | |  0.8

Action                   |  1- 3 |  4- 6 |  7- 9 | 10-12 || total
-------------------------+-------+-------+-------+-------++-------
Melee: Short sword       |    74 |       |       |       ||    74
       Mace              |    36 |    61 |   142 |    47 ||   286
       Tailslap          |       |     5 |    21 |     7 ||    33
Throw: Dart              |       |       |    19 |     1 ||    20
Invok: Depart the Abyss  |     1 |       |       |       ||     1
       Banish            |       |       |       |     2 ||     2
  Use: Scroll            |       |       |     8 |     2 ||    10
       Potion            |       |       |     1 |     1 ||     2
Armor: Leather armour    |    29 |       |       |       ||    29
       Scale mail        |     3 |    33 |    16 |       ||    52
       Ring mail         |     3 |       |       |       ||     3
       Chain mail        |       |       |    26 |       ||    26
       Acid dragon scale |       |       |    28 |    27 ||    55
Dodge: Dodged            |    58 |    13 |    65 |    26 ||   162
Block: Tower shield      |    25 |    32 |   130 |    60 ||   247
